Map: Eternal Empire LE

Players

Dani

  • Race: Zerg Zerg
  • League: Silver
  • Spawn Location: 7:00

antagomiR - Winner!

  • Race: Protoss Protoss
  • League: Gold
  • Spawn Location: 1:00

VOD

Have the link to the VOD?

Description

Time

  • Played on: April 4, 2020, 12:48 a.m.
  • Length: 16:46
Show
View Real Time Build Order
Export as new Build Order

Dani Zerg 

Build Orders: Pool First 

Get SALT Encoding   

  12  0:01  Drone  
  13  0:14  Overlord  
  13  0:18  Drone  
  14  0:35  Spawning Pool  
  13  1:00  Drone  
  13  1:01  Drone x2  
  16  1:13  Drone  
  17  1:21  Extractor  
  17  1:23  Queen  
  17  1:24  Zergling x2  
  19  1:38  Roach Warren  
  18  1:52  Evolution Chamber  
  17  2:03  Hatchery  
  16  2:10  Drone x3  
  19  2:24  Drone  
  19  2:38  Roach  
  19  2:39  Overlord  
  21  2:54  Zerg Ground Armor Level 1  
  21  2:58  Extractor  
  20  3:06  Overlord  
  20  3:07  Drone x2  
  22  3:17  Queen  
  24  3:32  Drone x2  
  26  3:37  Drone  
  26  3:38  Drone  
  28  3:59  Lair  
  28  4:07  Spore Crawler  
  27  4:13  Overlord  
  27  4:15  Drone  
  27  4:16  Drone  
  30  4:17  Drone  
  30  4:18  Drone  
  31  4:26  Baneling Nest  
  30  4:35  Spore Crawler  
  29  4:39  Spore Crawler  
  29  4:44  Drone  
  29  4:48  Drone  
  30  4:54  Spore Crawler  
  30  4:56  Zerg Missile Weapons Level 1  
  30  4:59  Overseer  
  29  5:07  Drone  
  29  5:08  Drone  
  29  5:10  Drone  
  32  5:22  Drone x3  
  35  5:36  Centrifical Hooks  
  35  5:42  Nydus Network  
  34  5:51  Zergling x6  
  34  5:52  Zergling x4  
  34  5:54  Zergling x2  
  40  5:57  Overlord  
  40  6:01  Zergling x2  
  40  6:03  Zergling x2  
  42  6:04  Zergling x2  
  42  6:08  Zergling x2  
  42  6:10  Zergling x2  
  45  6:28  Baneling x7  
  45  6:29  Baneling x7  
  45  6:30  Baneling x3  
  45  6:38  Baneling x4  
  45  7:19  Nydus Canal  
  44  7:24  Overlord  
  44  7:25  Drone x3  
  44  7:26  Drone x3, Overlord x3  
  44  7:27  Drone x2  
  39  8:03  Zerg Ground Armor Level 2  
  39  8:07  Roach  
  39  8:08  Roach x6  
  53  8:23  Roach x2  
  57  8:32  Extractor  
  56  8:35  Extractor  
  56  8:36  Zergling x4  
  56  8:37  Zergling x6, Hatchery  
  59  8:48  Spore Crawler  
  58  8:53  Spore Crawler  
  57  8:58  Zergling x12  
  63  9:07  Baneling x3  
  63  9:08  Baneling x7  
  63  9:12  Roach  
  63  9:13  Roach  
  67  9:30  Zergling x2  
  67  9:31  Zergling x12  
  72  9:35  Baneling x5  
  72  9:36  Baneling x4  
  74  9:39  Baneling  
  74  9:40  Baneling  
  74  9:42  Baneling  
  74  9:47  Roach  
  74  9:51  Metabolic Boost  
  76  10:12  Drone x3  
  76  10:13  Drone, Overlord  
  80  10:19  Zerg Missile Weapons Level 2  
  80  10:29  Queen  
  42  11:02  Zergling x10  
  42  11:03  Zergling x12  
  42  11:04  Zergling x2  
  52  11:10  Pneumatized Carapace  
  52  11:13  Overseer x2  
  52  11:20  Zergling x4  
  52  11:21  Zergling x4  
  56  11:28  Zergling x2  
  56  11:29  Zergling x2  
  58  11:41  Zergling x2  
  58  11:42  Zergling x6  
  62  12:02  Roach x4  
  62  12:03  Roach x3  
  62  12:05  Roach  
  78  12:19  Baneling  
  78  12:21  Baneling x6  
  78  12:22  Baneling x2  
  78  12:31  Baneling x4  
  78  12:32  Baneling x5  
  78  12:35  Zerg Melee Weapons Level 1  
  78  12:41  Baneling x3  
  78  12:42  Baneling x4  
  78  13:12  Drone x2, Overlord x2  
  80  13:13  Drone x3  
  80  13:14  Drone  
  80  13:15  Drone x2  
  82  13:36  Nydus Canal  
  57  14:09  Roach x3  
  67  14:10  Roach x6  
  67  14:11  Roach x7  
  89  14:39  Roach x6  
  89  14:40  Roach x2  
  105  14:47  Zergling x4  
  105  14:50  Overseer  
  107  14:54  Zergling x4  
  107  14:55  Zergling x2  
  107  14:56  Zergling x2  
  111  15:05  Ravager x3  
  114  15:08  Overlord  
  114  15:09  Overlord  
  114  15:33  Baneling x3  
  114  15:34  Baneling x6  
  114  15:36  Roach x3  
  114  15:39  Roach  
  122  15:45  Extractor  
  121  16:02  Hydralisk Den  
Show
View Real Time Build Order
Export as new Build Order

antagomiR Protoss - Winner!

Build Orders:  

Get SALT Encoding   

  12  0:01  Probe  
  13  0:13  Probe  
  14  0:24  Pylon  
  14  0:27  Probe  
  15  0:42  Probe  
  16  0:47  Gateway  
  16  0:54  Probe  
  17  0:59  Assimilator  
  17  1:06  Probe  
  19  1:18  Probe  
  19  1:30  Probe  
  20  1:33  Pylon  
  20  1:48  Cybernetics Core  
  20  1:52  Forge  
  19  1:54  Zealot  
  21  2:04  Probe  
  22  2:11  Nexus  
  22  2:24  Probe  
  23  2:36  Warp Gate (Chrono Boost)  
  23  2:42  Stalker  
  25  2:52  Pylon  
  25  2:55  Assimilator  
  25  2:59  Robotics Facility  
  25  3:11  Probe  
  26  3:23  Probe x2  
  30  3:27  Sentry  
  30  3:35  Probe  
  30  3:38  Probe  
  30  3:40  Gateway x2  
  32  3:57  Probe x2  
  32  4:00  Observer  
  35  4:15  Probe x2  
  37  4:20  Assimilator  
  37  4:24  Pylon, Assimilator  
  37  4:30  Observer  
  38  4:39  Stalker  
  38  4:40  Stalker  
  38  4:43  Probe  
  38  4:44  Probe  
  44  4:50  Pylon  
  44  4:55  Probe, Shield Battery  
  45  5:03  Shield Battery  
  45  5:20  Probe x2  
  47  5:27  Phoenix  
  47  5:31  Stalker  
  47  5:32  Probe x2, Stalker  
  53  5:37  Sentry  
  55  5:44  Probe x2  
  55  5:45  Protoss Ground Weapons Level 1 (Chrono Boost)  
  57  5:56  Probe  
  58  6:00  Probe  
  59  6:06  Immortal  
  59  6:08  Probe, Pylon  
  59  6:10  Pylon  
  64  6:45  Immortal  
  68  6:56  Sentry  
  68  6:59  Zealot  
  72  7:02  Sentry  
  74  7:10  Probe x2  
  74  7:14  Nexus  
  76  7:16  Pylon  
  76  7:19  Pylon  
  76  7:22  Probe x2  
  78  7:24  Immortal  
  82  7:37  Stalker  
  82  7:39  Sentry  
  82  7:40  Zealot  
  71  8:07  Probe x2  
  73  8:17  Shield Battery  
  73  8:18  Photon Cannon  
  73  8:19  Probe, Photon Cannon  
  74  8:22  Assimilator  
  74  8:26  Assimilator  
  74  8:31  Observer  
  75  8:36  Probe x2  
  75  8:40  Probe  
  78  8:48  Probe x2  
  80  8:58  Photon Cannon  
  80  9:03  Photon Cannon  
  80  9:07  Immortal  
  80  9:09  Probe x3  
  87  9:17  Protoss Ground Armor Level 1 (Chrono Boost), Twilight Council  
  87  9:21  Probe  
  87  9:23  Probe x2  
  90  9:38  Probe x3  
  93  9:48  Gateway  
  93  9:49  Gateway  
  93  9:53  Immortal  
  93  9:56  Gateway  
  97  10:00  Gateway  
  97  10:01  Gateway  
  97  10:09  Templar Archives  
  97  10:19  Stalker x2  
  97  10:20  Sentry  
  77  10:48  Zealot x3  
  81  10:53  Zealot x3  
  81  11:03  Probe x3  
  84  11:05  Stalker x2  
  84  11:09  Immortal  
  92  11:24  Probe x3  
  95  11:28  High Templar x3  
  95  11:32  High Templar x2  
  105  11:33  High Templar x3  
  105  11:35  Archon  
  105  11:36  Probe, Archon x2  
  105  11:38  Archon  
  111  11:49  Immortal  
  115  12:09  Charge (Chrono Boost)  
  115  12:13  Protoss Ground Weapons Level 2 (Chrono Boost)  
  115  12:19  Probe x2  
  117  12:37  Pylon, Nexus  
  117  12:41  Pylon  
  117  12:47  Shield Battery  
  117  12:55  Probe x3, Immortal  
  124  13:02  Sentry x4  
  132  13:07  Probe  
  133  13:18  Probe  
  131  13:35  Immortal  
  119  13:51  Nexus  
  119  13:54  High Templar x3  
  119  13:55  High Templar x2  
  129  14:07  Archon x2  
  129  14:14  Observer  
  130  14:21  Shield Battery  
  130  14:28  Photon Cannon  
  130  14:36  Photon Cannon  
  130  14:37  High Templar  
  130  14:38  Assimilator  
  132  14:42  Assimilator  
  132  14:51  Pylon  
  132  14:54  Pylon  
  132  14:57  Pylon  
  132  15:00  Pylon  
  132  15:01  Pylon  
  132  15:03  Pylon, Immortal  
  132  15:06  Pylon  
  136  15:12  Archon  
  136  15:35  Probe x3  
  139  15:40  Probe  
  140  15:47  Probe x3  
  143  15:53  Probe  
  144  15:59  High Templar  
  144  16:00  High Templar x5  
  144  16:01  High Templar x2  
  144  16:04  Archon x3  
  160  16:05  Archon  
Tags
 
Matchup
PvZ
Opening
Pool First
Replay Pack
20200422
Spawn Locations
Cross Positions
Add a new tag
Caveats
  • Supply blocks, unpowered buildings, or Contaminate may cause inaccurate times.
  • Supply counts are checked every 10 seconds.